 Dungeon Crawl Stone Soup version 0.28.0-53-g5a82cb258f (webtiles) character file.

Game seed: 5785782263899612734

82 Atelerd the Digger (level 4, -1/27 HPs)
             Began as an Octopode Earth Elementalist on June 6, 2022.
             Succumbed to a gnoll's poison
             ... on level 3 of the Dungeon.
             The game lasted 00:02:59 (2968 turns).

Atelerd the Digger (Octopode Earth Elementalist)    Turns: 2968, Time: 00:03:00

Health: -1/27      AC:  1    Str:  7    XL:     4   Next: 43%
Magic:  4/8        EV: 13    Int: 19    God:
Gold:   151        SH:  0    Dex: 12    Spells: 3/8 levels left

rFire   . . .      SeeInvis .   o - +4 dagger (elec)
rCold   . . .      Faith    .   (no shield)
rNeg    . . .      Spirit   .   (helmet restricted)
rPois   .          Reflect  .   (no amulet)
rElec   .          Harm     .   (no ring)
rCorr   .          Rampage  .   (no ring)
Will    .....                   (no ring)
Stlth   +++.......              (no ring)
HPRegen 0.09/turn               (no ring)
MPRegen 0.11/turn               (no ring)
                                (no ring)
                                (no ring)

@: lethally poisoned (-1 -> -17), invisible
A: almost no armour, amphibious, 8 rings, camouflage 1, gelatinous body 1,
(nimble swimmer 1), tentacles
a: no special abilities


You were on level 3 of the Dungeon.
You visited 1 branch of the dungeon, and saw 4 of its levels.

You collected 151 gold pieces.

Inventory:

Hand Weapons
 o - a +4 dagger of electrocution (weapon)
Missiles
 b - 140 stones
Scrolls
 c - a scroll of immolation {unknown}
 f - a scroll of noise {unknown}
 h - a scroll of vulnerability {unknown}
 i - a scroll of amnesia {unknown}
 k - a scroll of enchant armour {unknown}
Potions
 a - a potion of curing {unknown}
 e - a potion of attraction {unknown}
 g - a potion of cancellation {unknown}
 l - a potion of brilliance {unknown}
 m - a potion of lignification {unknown}


   Skills:
 - Level 2.0 Dodging
 - Level 2.6 Stealth
 + Level 2.9 Spellcasting
 + Level 2.4 Transmutations
 + Level 3.8 Earth Magic


You had 3 spell levels left.
You knew the following spells:

 Your Spells              Type           Power      Damage    Failure   Level
a - Sandblast             Erth           34%        2d9       3%          1
p - Petrify               Tmut/Erth      14%        N/A       38%         4

Your spell library contained the following spells:

 Spells                   Type           Power      Damage    Failure   Level
 Passwall                 Tmut/Erth      11%        N/A       6%          2
 Shock                    Conj/Air       8%         1d3       16%         1
 Stone Arrow              Conj/Erth      20%        3d8       22%         3
 Static Discharge         Conj/Air       2%         N/A       24%         2
 Summon Guardian Golem    Hex/Summ       2%         N/A       43%         3
 Swiftness                Air            2%         N/A       43%         3
 Airstrike                Air            1%         N/A       83%         4
 Dispel Undead            Necr           2%         3d7       83%         4
 Sticky Flame             Conj/Fire      2%         2d3       83%         4
 Orb of Destruction       Conj           1%         9d5       100%        7
 Spellforged Servitor     Conj/Summ      1%         N/A       100%        7


Dungeon Overview and Level Annotations

Branches:
Dungeon (4/15)
 Temple: D:4-7

Altars:
Ashenzari

Shops:
D:2 =

Annotations:
D:4 Dowan


Innate Abilities, Weirdness & Mutations

You cannot wear most types of armour.
You are amphibious.
You can wear up to eight rings at the same time.
Your skin changes colour to match your surroundings (Stealth+).
Your rubbery body absorbs attacks. (AC +1, EV +1)
((You are camouflaged when in or above water. (Stealth+)))
You have tentacles for arms and can constrict up to eight enemies at once.


Message History

Casting: Sandblast (safe; 3% risk of failure)
Confirm with . or Enter, or press ? or * to list all spells.
Aiming: Sandblast (safe; 3% risk of failure)
Press: ? - help, Shift-Dir - straight line, f - gnoll
Aim: a gnoll, wielding a +1 spear of venom and wearing a +0 leather armour (82% to hit)
The blast of sand hits the gnoll.
The gnoll is lightly wounded.
Casting: Sandblast (safe; 3% risk of failure)
Confirm with . or Enter, or press ? or * to list all spells.
Aiming: Sandblast (safe; 3% risk of failure)
Press: ? - help, Shift-Dir - straight line, f/p - gnoll
Aim: a gnoll, wielding a +1 spear of venom and wearing a +0 leather armour (lightly wounded, 82% to hit)
The blast of sand hits the gnoll but does no damage.
The gnoll is lightly wounded.
The gnoll hits you from afar with a +1 spear of venom.
You are poisoned.
Casting: Sandblast (safe; 3% risk of failure)
Confirm with . or Enter, or press ? or * to list all spells.
Aiming: Sandblast (safe; 3% risk of failure)
Press: ? - help, Shift-Dir - straight line, f/p - gnoll
Aim: a gnoll, wielding a +1 spear of venom and wearing a +0 leather armour (lightly wounded, 82% to hit)
The blast of sand hits the gnoll.
The gnoll is heavily wounded.
You feel very sick.
The gnoll hits you from afar with a +1 spear of venom!
You are lethally poisoned!
Casting: Sandblast (safe; 3% risk of failure)
Confirm with . or Enter, or press ? or * to list all spells.
Aiming: Sandblast (safe; 3% risk of failure)
Press: ? - help, Shift-Dir - straight line, f/p - gnoll
Aim: a gnoll, wielding a +1 spear of venom and wearing a +0 leather armour (heavily wounded, 82% to hit)
The blast of sand hits the gnoll.
The gnoll is almost dead.
You feel very sick.
The gnoll hits you from afar with a +1 spear of venom!
* * * LOW HITPOINT WARNING * * *
Unknown command.
It was a potion of invisibility.
You fade into invisibility!
You die...

#########.#......#
#>.## #.#<###### #...#
#.#.# #.#.#
#####.#.###### #.#.#
#............######.#.#
#.###...............#.#
#.###.#.####.########.#
#.#...#.# #.# #.#
#.#.###.####@## #.#
#.#.# #.>.g...# #.#
#.#.# #.####..#######.#
#.#.# #.#.......<.....#
#.#.# #.#.##..#########
#####.#.###.#.##..#
..........#.#.##..#
#####.............#
..............(...#


You could see a gnoll.

Vanquished Creatures
  An orc wizard (D:3)
  An adder (D:2)
  A worm (D:3)
  A dart slug (D:2)
  5 orcs (D:3)
  5 ball pythons
  4 endoplasms
  3 goblins
  5 hobgoblins
  2 kobolds (D:1)
  2 quokkas (D:1)
  2 bats
  2 frilled lizards
  4 rats
38 creatures vanquished.

Notes
Turn   | Place    | Note
-------+----------+-------------------------------------------
     0 | D:1      | Atelerd the Octopode Earth Elementalist began the quest for
                  | the Orb.
     0 | D:1      | Reached XP level 1. HP: 11/11 MP: 3/3
   232 | D:1      | Reached XP level 2. HP: 7/17 MP: 0/5
   754 | D:1      | Found a faded altar of an unknown god.
  1109 | D:2      | You fall into a shaft and drop 1 floor!
  1144 | D:2      | Found Uwuischedd's Jewellery Emporium.
  1292 | D:2      | Reached XP level 3. HP: 19/21 MP: 6/6
  2227 | D:3      | Found a broken altar of Ashenzari.
  2302 | D:3      | Reached XP level 4. HP: 23/27 MP: 4/8
  2835 | D:4      | Noticed Dowan
  2854 | D:4      | Learned a level 4 spell: Petrify
  2968 | D:3      | Succumbed to a gnoll's poison

Illustrated notes

Levels and vault maps discovered:
D:1:      dpeg_arrival_oval, layout_rooms, shapermc_ecumenical_altar_acropolis,
          st_stairs_4
D:2:      layout_loops_corners, serial_shops, shop
D:3:      layout_loops_ring, old_standard_altar
D:4:      layout_basic, columned_hall_lemuel, uniq_duvessa, uniq_ijyb,
          uniq_crazy_yiuf_cottage

Skill      XL: |  1  2  3 |
---------------+----------+-----
Transmutations | 2 |  2.4
Dodging        | |  2.0
Stealth        | |  2.6
Spellcasting   | |  2.9
Earth Magic    | |  3.8

Action                   |  1- 3 |  4- 6 || total
-------------------------+-------+-------++-------
Melee: Dagger            |    44 |     2 ||    46
       Tentacles         |    10 |       ||    10
       Unarmed           |     2 |       ||     2
       Constrict         |    13 |       ||    13
 Cast: Sandblast         |    15 |    11 ||    26
  Use: Potion            |       |     1 ||     1
 Stab: Sleeping          |     5 |     1 ||     6
Armor: Skin              |     1 |       ||     1
Dodge: Dodged            |    25 |     3 ||    28
